Map: Ice and Chrome LE

Players

Ziggy

  • Race: Terran Terran
  • League: Grandmaster
  • Spawn Location: 1:00

PtitDrogo - Winner!

  • Race: Protoss Protoss
  • League: Grandmaster
  • Spawn Location: 7:00

Event: DreamHack SC2 Masters 2020 Summer Europe

VOD

Have the link to the VOD?

Description

Time

  • Played on: June 24, 2020, 12:34 p.m.
  • Length: 7:49

All games in this series

Show
View Real Time Build Order
Export as new Build Order

Ziggy Terran 

Build Orders: Reaper Expand 

Get SALT Encoding   

  12  0:00  SCV  
  13  0:12  SCV  
  14  0:17  Supply Depot  
  14  0:24  SCV  
  15  0:38  SCV  
  15  0:40  Barracks  
  16  0:44  Refinery  
  16  0:50  SCV  
  17  1:02  SCV  
  18  1:14  SCV  
  19  1:27  Orbital Command, Reaper  
  20  1:42  Command Center  
  20  1:53  SCV  
  21  1:58  Supply Depot, Marine  
  22  2:05  SCV  
  23  2:10  Barracks  
  23  2:17  Barracks Reactor  
  23  2:20  SCV  
  24  2:24  Barracks  
  24  2:32  SCV  
  24  2:36  Engineering Bay  
  25  2:44  SCV  
  26  2:54  Marine x2  
  28  2:58  Orbital Command  
  28  3:06  Barracks Tech Lab  
  28  3:07  SCV  
  28  3:08  Terran Infantry Weapons Level 1, Orbital Command  
  29  3:13  Marine x3  
  31  3:20  SCV  
  31  3:25  Marine  
  31  3:26  Stimpack  
  32  3:31  Marine x2  
  32  3:32  SCV, Barracks Tech Lab  
  35  3:35  SCV  
  36  3:43  Marine  
  36  3:44  SCV  
  38  3:48  Marine  
  38  3:50  Marine  
  37  3:57  SCV  
  37  3:59  Marauder  
  37  4:01  Concussive Shells  
  37  4:02  Marauder, SCV  
  41  4:06  Marine  
  41  4:08  Marine  
  41  4:09  SCV  
  44  4:12  Supply Depot  
  44  4:22  Marauder  
  44  4:23  SCV  
  46  4:27  Supply Depot  
  46  4:33  Marauder, Marine x2, SCV  
  46  4:34  Refinery  
  46  4:35  Refinery  
  46  4:36  SCV  
  46  4:38  Supply Depot  
  52  4:43  Marauder  
  54  4:49  SCV x2  
  54  4:51  Marine x2  
  58  4:55  Marauder  
  60  5:01  SCV  
  60  5:03  Factory  
  60  5:05  SCV  
  62  5:08  Marine x2  
  62  5:12  Command Center  
  64  5:16  Combat Shield  
  64  5:18  SCV x2  
  66  5:30  SCV x2  
  66  5:32  Marine x2  
  70  5:36  Supply Depot  
  70  5:39  Terran Infantry Armor Level 1  
  70  5:40  Marauder x2  
  70  5:42  SCV x2  
  76  5:48  Starport  
  76  5:53  Factory Reactor  
  76  5:55  SCV x2  
  78  5:57  Marine x2  
  79  6:05  Supply Depot  
  79  6:06  Refinery, Marauder  
  79  6:07  SCV  
  79  6:08  Marauder  
  84  6:11  SCV  
  84  6:15  Marine  
  84  6:16  Marine  
  84  6:23  SCV  
  84  6:24  Orbital Command, SCV  
  67  6:28  Marauder  
  67  6:29  Marauder  
  67  6:33  Marine  
  67  6:34  Marine, Medivac  
  67  6:35  SCV, Medivac  
  67  6:37  SCV  
  75  6:44  Armory  
  75  6:47  SCV  
  75  6:49  SCV  
  75  6:50  Engineering Bay  
  75  6:53  Marauder x2, Marine  
  82  6:54  Marine  
  82  6:58  Factory Reactor  
  83  7:07  SCV  
  60  7:11  Marine  
  60  7:12  Marine  
  60  7:15  Marauder x2  
Show
View Real Time Build Order
Export as new Build Order

PtitDrogo Protoss - Winner!

Build Orders: 1 Gate Expand, Colossus Rush 

Get SALT Encoding   

  12  0:00  Probe  
  13  0:12  Probe  
  14  0:16  Pylon  
  14  0:24  Probe  
  15  0:32  Probe  
  15  0:34  Gateway  
  15  0:41  Probe  
  16  0:46  Assimilator  
  17  0:51  Probe  
  18  1:03  Probe  
  19  1:15  Probe  
  20  1:21  Cybernetics Core  
  20  1:30  Nexus  
  20  1:38  Pylon  
  20  1:41  Probe  
  21  1:47  Adept  
  21  1:48  Assimilator  
  21  1:53  Probe  
  24  2:02  Shield Battery  
  24  2:05  Probe  
  24  2:07  Stalker  
  24  2:08  Warp Gate  
  25  2:20  Probe  
  28  2:32  Probe  
  28  2:36  Robotics Facility  
  29  2:42  Probe  
  29  2:43  Stalker  
  32  2:46  Probe  
  33  2:54  Probe  
  33  2:57  Probe  
  34  3:05  Probe  
  35  3:06  Probe  
  37  3:13  Sentry, Probe  
  37  3:18  Probe  
  37  3:19  Observer  
  41  3:25  Probe  
  43  3:30  Probe  
  43  3:32  Gateway  
  43  3:33  Gateway  
  44  3:37  Probe  
  44  3:40  Pylon  
  45  3:42  Probe  
  46  3:58  Probe x2  
  48  4:09  Stalker  
  50  4:10  Probe x2  
  52  4:17  Pylon  
  52  4:21  Nexus  
  52  4:22  Probe x2  
  54  4:30  Robotics Bay  
  54  4:32  Probe x2  
  54  4:34  Assimilator  
  54  4:36  Assimilator, Pylon  
  56  4:39  Sentry x2  
  56  4:40  Probe x2  
  56  4:41  Pylon  
  56  4:44  Forge  
  62  4:52  Probe x2  
  62  4:54  Pylon  
  62  4:55  Stalker  
  66  5:04  Adept x2, Probe x2  
  72  5:09  Colossus  
  72  5:16  Probe x2  
  79  5:25  Adept x3  
  79  5:27  Shield Battery, Probe  
  85  5:32  Probe x2  
  85  5:34  Protoss Ground Weapons Level 1  
  85  5:35  Probe  
  87  5:40  Probe  
  89  5:43  Probe  
  89  5:44  Shield Battery, Probe  
  89  5:49  Pylon  
  92  5:50  Probe  
  92  5:51  Pylon  
  92  5:52  Colossus  
  92  5:55  Probe  
  92  5:56  Probe  
  95  5:57  Photon Cannon  
  95  5:58  Twilight Council  
  95  6:03  Probe  
  96  6:07  Probe  
  96  6:09  Probe  
  102  6:13  Stalker  
  102  6:15  Probe  
  103  6:25  Stalker x2  
  107  6:27  Assimilator  
  107  6:28  Assimilator  
  107  6:33  Probe x3  
  107  6:38  Forge  
  110  6:41  Gateway x2  
  110  6:43  Pylon  
  110  6:44  Warp Prism  
  112  7:00  Pylon  
  108  7:09  Probe  
Tags
 
Add a new tag
Caveats
  • Supply blocks, unpowered buildings, or Contaminate may cause inaccurate times.
  • Supply counts are checked every 10 seconds.